 Dungeon Crawl Stone Soup version 0.30-a0-1160-g6e42c06551 (webtiles) character file.

Game seed: 671360295006348571

10 skufidon the Trooper (level 2, -2/28 HPs)
             Began as a Naga Berserker on Apr 26, 2023.
             Was a Follower of Trog.
             Slain by a kobold
             ... wielding a +0 club
              (4 damage)
             ... on level 1 of the Dungeon.
             The game lasted 00:08:14 (382 turns).

skufidon the Trooper (Naga Berserker)                Turns: 382, Time: 00:08:15

Health: -2/28      AC:  2    Str: 19    XL:     2   Next: 20%
Magic:  2/2        EV:  9    Int:  7    God:    Trog [*.....]
Gold:   24         SH:  0    Dex: 10    Spells: 1/1 levels left

rFire   . . .        a - +0 falchion
rCold   . . .        (no shield)
rNeg    . . .        i - +0 leather armour
rPois   +            (no helmet)
rElec   .            d - scarf {shadows}
rCorr   .            (no gloves)
SInv    +            (no barding)
Will    .....        (no amulet)
Stlth   +            (no ring)
HPRegen 0.24/turn    (no ring)
MPRegen 0.08/turn

%: no passive effects
@: very slow
A: AC +0, large, see invisible, deformed body, poison resistance, slowness 2,
spit poison 1, naga tail 1
a: Spit Poison, Renounce Religion, Berserk


You were on level 1 of the Dungeon.
You worshipped Trog.
Trog was aware of your devotion.
You visited 1 branch of the dungeon, and saw 1 of its levels.

You collected 24 gold pieces.

Inventory:

Hand Weapons
 a - a +0 falchion (weapon)
 e - a +0 dagger
 f - a +0 dagger
 h - a +0 club
Missiles
 j - 4 stones
Armour
 b - a +0 animal skin
 d - a scarf of shadows (worn)
 g - a +0 robe
 i - a +0 leather armour (worn)
 k - a +0 robe
Scrolls
 c - a scroll of immolation {unknown}


   Skills:
 + Level 3.2 Fighting
 + Level 3.1 Long Blades
 + Level 1.7 Armour
 + Level 1.7 Dodging


You had one spell level left.
You didn't know any spells.
Your spell library was empty.

Dungeon Overview and Level Annotations

Branches:
Dungeon (1/15)

Altars:


Innate Abilities, Weirdness & Mutations

Your serpentine skin is tough. (AC +0)
You have supernaturally acute eyesight. (SInv)
Armour fits poorly on your strangely shaped body.
Your system is resistant to poisons. (rPois)
You cover ground very slowly.
You can spit poison.
You have a snake-like lower body.


Message History

You see here a +0 robe.
k - a +0 robe The jackal barks!
You hear a bark!
The kobold shoots a sling bullet.
The sling bullet hits you but does no damage.
The kobold throws a stone.
The stone closely misses you. The kobold closely misses you.
The kobold shoots a sling bullet.
The sling bullet hits you.
The kobold shoots a sling bullet.
The sling bullet closely misses you.
You barely miss the jackal.
The jackal bites you but does no damage.
You barely miss the jackal. The kobold barely misses you. The jackal bites you.
You closely miss the jackal.
The kobold unwields a +0 sling.
The kobold wields a +0 short sword.
The kobold hits you with a +0 short sword.
The kobold hits you but does no damage.
The jackal bites you but does no damage.
The kobold barely misses you. The goblin hits you but does no damage.
You barely miss the kobold.
The kobold hits you with a +0 short sword.
A jackal comes into view.
The jackal closely misses you. The goblin hits you with a +0 dagger.
* * * LOW HITPOINT WARNING * * *
The kobold hits you with a +0 club.
* * * LOW HITPOINT WARNING * * *
You hit the kobold.
The kobold is moderately wounded.
The jackal barely misses you.
The kobold hits you with a +0 short sword.
* * * LOW HITPOINT WARNING * * *
The goblin barely misses you. The kobold hits you with a +0 club.
* * * LOW HITPOINT WARNING * * *
The jackal bites you.
* * * LOW HITPOINT WARNING * * *
The kobold misses you.
You hit the kobold but do no damage.
The kobold is moderately wounded.
The jackal closely misses you. The goblin closely misses you.
The kobold hits you with a +0 club.
You die...

#....#########......
####......#............
..........#............
.......................
.......................
....................###
................h.....#
##.............Kg#.....
#..............h@# ....
#........#####..K#.....
#......#.....†.........
.......#........#######
##....##..###......
##.#......# ........
.......#..#..........
##........#..........
#####...>............


You could see 2 jackals, a goblin and 2 kobolds.

Vanquished Creatures
  2 ball pythons (D:1)
  An endoplasm (D:1)
  A giant cockroach (D:1)
  A quokka (D:1)
  A bat (D:1)
  A frilled lizard (D:1)
  2 goblins (D:1)
  A rat (D:1)
10 creatures vanquished.

Notes
Turn   | Place    | Note
-------+----------+-------------------------------------------
     0 | D:1      | skufidon the Naga Berserker began the quest for the Orb.
     0 | D:1      | Reached XP level 1. HP: 21/21 MP: 1/1
   241 | D:1      | Reached XP level 2. HP: 4/28 MP: 2/2
   381 | D:1      | HP: 1/28 [jackal (1)]
   382 | D:1      | Slain by a kobold

Illustrated notes

Levels and vault maps discovered:
D:1:      minmay_arrival_stone_box, layout_basic, dk_noncrumbling_2,
          minmay_indecisive_spiral

Action                     || total
---------------------------++-------
  Melee: Falchion          ||    50
    Use: Potion            ||     1
 Armour: Animal skin       ||     8
         Leather armour    ||     5
  Dodge: Dodged            ||    52

Table legend: (Time is in decaauts)
 A = Elapsed time spent in this place.
 B = Non-inter-level travel time spent in this place.
 C = Inter-level travel time spent in this place.
 D = Time resting spent in this place.
 E = Time spent auto-exploring this place.
 F = Levels seen in this place.
 G = Mean time per level.
                   A        B        C        D        E       F      G
               +--------+--------+--------+--------+--------+-----+--------+
         Total |    508 |    438 |     70 |      0 |      0 |   1 |  508.0 |
       Dungeon |    508 |    438 |     70 |      0 |      0 |   1 |  508.0 |
               +--------+--------+--------+--------+--------+-----+--------+

Top non-repeatable levels by time:
     D:1: 508 daAuts
